 Dungeon Crawl Stone Soup version 0.21.1-1-g345015f (webtiles) character file.

174 Mgcat the Sneak (level 5, 0/64 HPs)
             Began as a Gnoll Wanderer on Feb 7, 2018.
             Succumbed to an adder's poison
             ... in a sewer.
             The game lasted 00:05:08 (2064 turns).

Mgcat the Sneak (Gnoll Wanderer)                    Turns: 2064, Time: 00:05:09

Health: 0/64       AC:  6    Str: 20 (21) XL:     5   Next: 54%
Magic:  7/7        EV: 16    Int: 17 (20) God:
Gold:   101        SH: 10    Dex: 15 (18) Spells: 7/7 levels left

rFire    + . .     SeeInvis .   u - +2 spear (flame)
rCold    . . .     Gourm    .   l - +0 shield
rNeg     . . .     Faith    .   v - +2 leather armour {rF+}
rPois    .         Spirit   .   (no helmet)
rElec    .         Reflect  .   (no cloak)
rCorr    .         Harm     .   j - +0 pair of gloves
MR       .....     Rnd*Tele +   (no boots)
Stlth    ..........             (no amulet)
HPRegen  0.20/turn              q - ring of teleportation (curse) {+/*tele, !d}
MPRegen  0.10/turn              (no ring)

@: brilliant, agile, berserking, lethally poisoned (0 -> -7), slow
A: distributed training, fangs 1, strong nose
a: no special abilities


You were in a sewer.
You were not hungry.

You visited 1 branch of the dungeon, and saw 3 of its levels.
You also visited: Sewer.

You collected 101 gold pieces.

Inventory:

Hand Weapons
 a - a +2 dagger
 c - a +0 quarterstaff
 u - a +2 spear of flaming (weapon)
   (You found it on level 2 of the Dungeon)
Armour
 j - a +0 pair of gloves (worn)
   (You found it on level 1 of the Dungeon)
 l - a +0 shield (worn)
   (You found it on level 1 of the Dungeon)
 v - a +2 leather armour of fire resistance (worn)
   (You took it off an orc on level 3 of the Dungeon)
Jewellery
 q - a cursed ring of teleportation (left hand) {+/*tele, !d}
   (You found it on level 2 of the Dungeon)
Scrolls
 b - a scroll of blinking {!r}
 d - a scroll of remove curse {unknown}
 m - 6 scrolls of identify {unknown}
 s - 3 scrolls of teleportation {unknown}
 t - 2 scrolls of enchant armour {unknown}
Potions
 i - a potion of might {unknown}
 o - a potion of mutation {unknown}
 r - a potion of degeneration {!q}
Comestibles
 f - 6 rations
 k - 9 chunks of flesh {@w0}


   Skills:
 + Level 4.8 Fighting
 + Level 1.5 Short Blades
 + Level 1.5 Long Blades
 + Level 1.5 Axes
 + Level 1.5 Maces & Flails
 + Level 1.5 Polearms
 + Level 1.5 Staves
 + Level 1.5 Slings
 + Level 1.5 Bows
 + Level 1.5 Crossbows
 + Level 1.5 Throwing
 + Level 1.5 Armour
 + Level 3.0 Dodging
 + Level 7.9 Stealth
 + Level 4.8 Shields
 + Level 3.0 Unarmed Combat
 + Level 1.5 Spellcasting
 + Level 1.2 Conjurations
 + Level 1.2 Hexes
 + Level 1.2 Charms
 + Level 1.2 Summonings
 + Level 1.2 Necromancy
 + Level 1.2 Translocations
 + Level 1.2 Transmutations
 + Level 1.2 Fire Magic
 + Level 1.2 Ice Magic
 + Level 1.2 Air Magic
 + Level 1.2 Earth Magic
 + Level 1.2 Poison Magic
 + Level 1.7 Invocations
 + Level 1.5 Evocations


You had 7 spell levels left.
You didn't know any spells.

Dungeon Overview and Level Annotations

Branches:
Dungeon (3/15)

Altars:
Nemelex Xobeh
Qazlal
Xom


Innate Abilities, Weirdness & Mutations

Your experience applies equally to all skills.
You have very sharp teeth.
Your uncanny sense of smell can sniff out nearby items.


Message History

Unknown command.
Unknown command.
Unknown command.
You hit the ball python. You burn the ball python.
You kill the ball python!
You feel sick. The bullfrog hits you. You block the ball python's attack.
The ball python constricts you. The adder bites you but does no damage.
You block the adder's attack. The bullfrog closely misses you.
The ball python barely misses you. The bullfrog closely misses you.
You escape the ball python's grasp.
You feel sick. The adder bites you but does no damage.
The adder barely misses you. The ball python closely misses you.
You block the ball python's attack. You block the bullfrog's attack.
You block the adder's attack.
The adder bites you but does no damage. x2; The ball python barely misses you.
The ball python grabs you. The ball python constricts you.
You block the bullfrog's attack.
You see here a ball python corpse.
Your unstable footing causes you to fumble your attack.
The bullfrog hits you. You block the adder's attack. x2
You block the bullfrog's attack. The adder bites you but does no damage.
You block the ball python's attack.
The ball python bites you but does no damage.
The ball python constricts you. The bullfrog barely misses you.
The adder bites you but does no damage. The adder closely misses you.
The bullfrog hits you but does no damage.
You closely miss the bullfrog.
You feel sick. You block the adder's attack. You block the bullfrog's attack.
The ball python barely misses you. x2
The ball python constricts you. The adder bites you but does no damage.
You block the adder's attack. The bullfrog misses you.
The adder barely misses you. The bullfrog hits you. The ball python bites you.
The ball python bites you but does no damage.
The ball python constricts you.
Unknown command.
You escape the ball python's grasp.
The bullfrog barely misses you. You block the bullfrog's attack.
The adder barely misses you. The ball python bites you.
The ball python closely misses you. The bullfrog hits you.
The bullfrog hits you but does no damage.
The adder bites you but does no damage. You block the adder's attack.
The ball python bites you but does no damage.
The ball python barely misses you.
You feel sick. The bullfrog hits you.
* * * LOW HITPOINT WARNING * * *
The bullfrog hits you.
* * * LOW HITPOINT WARNING * * *
You block the bullfrog's attack. The adder bites you but does no damage.
The bullfrog barely misses you. You block the bullfrog's attack.
The adder closely misses you. The adder closely misses you. x2
Okay, then.
Unknown command.
Unknown command.
You miss the adder.
You feel sick. You block the adder's attack.
Unknown command.
Unknown command.
You closely miss the adder. The adder bites you.
* * * LOW HITPOINT WARNING * * *
You are more poisoned.
The adder poisons you! The adder bites you but does no damage.
Unknown command.
Unknown command.
Unknown command.
It was a potion of brilliance.
You feel clever all of a sudden.
* * * LOW HITPOINT WARNING * * *
You feel sick. You block the ball python's attack. x2
The adder bites you but does no damage.
It was a potion of degeneration.
There was something very wrong with that liquid.
You feel weakened.
You feel dopey.
You feel clumsy. You block the ball python's attack. The ball python grabs you.
The ball python constricts you. The adder bites you.
* * * LOW HITPOINT WARNING * * *
The ball python bites you but does no damage.
The ball python constricts you.
It was a potion of agility.
You feel agile all of a sudden.
* * * LOW HITPOINT WARNING * * *
You feel sick. The adder bites you.
* * * LOW HITPOINT WARNING * * *
You are more poisoned.
The adder poisons you! The ball python misses you.
The ball python constricts you. You block the adder's attack.
It was a potion of berserk rage.
A red film seems to cover your vision as you go berserk!
You feel yourself moving faster!
You feel mighty!
* * * LOW HITPOINT WARNING * * *
You feel sick.
The ball python bites you but does no damage.
The ball python constricts you. You block the adder's attack.
Unknown command.
You are too berserk!
You hit the ball python. You burn the ball python.
You kill the ball python!
* * * LOW HITPOINT WARNING * * *
You feel sick. The adder closely misses you. The bullfrog barely misses you.
Your unstable footing causes you to fumble your attack.
The adder barely misses you.
Your unstable footing causes you to fumble your attack.
You die...

∆∆∆ ∆ ∆ ∆∆∆ #+#
##############
##...#≈≈≈≈≈≈≈≈≈≈≈≈≈
#....≈≈≈≈≈≈≈≈≈≈≈≈≈≈
..≈#≈†JS≈≈≈≈≈≈≈≈
#....≈†≈≈SS#≈≈#≈≈≈≈
#....≈≈≈≈S#@F.≈≈≈≈≈
##....≈≈≈≈≈≈≈≈≈≈≈≈≈
##################


You could see a bullfrog, an ooze and 3 adders.

Vanquished Creatures
  2 orc wizards (D:3)
  A worker ant (D:2)
  An adder (D:2)
  A river rat (Sewer)
  An ooze (D:1)
  A dart slug (D:3)
  2 leopard geckos
  8 orcs (D:3)
  5 ball pythons
  A giant cockroach (D:1)
  8 goblins
  11 hobgoblins
  5 jackals
  A quokka (D:2)
  5 bats
  6 frilled lizards
  11 kobolds
  10 rats
80 creatures vanquished.

Notes
Turn   | Place    | Note
-------+----------+-------------------------------------------
     0 | D:1      | Mgcat the Gnoll Wanderer began the quest for the Orb.
     0 | D:1      | Mgcat set off with: a +2 dagger, a scroll of blinking {!r}, a +0 quarterstaff, a potion of curing, a +0 robe, a ration
     0 | D:1      | Reached XP level 1. HP: 20/20 MP: 1/1
   200 | D:1      | Reached XP level 2. HP: 12/26 MP: 2/2
   584 | D:1      | Reached XP level 3. HP: 31/31 MP: 3/3
   956 | D:2      | Reached skill level 1 in Invocations
   994 | D:2      | Reached skill level 1 in Short Blades
   994 | D:2      | Reached skill level 1 in Long Blades
   994 | D:2      | Reached skill level 1 in Axes
   994 | D:2      | Reached skill level 1 in Maces & Flails
   994 | D:2      | Reached skill level 1 in Polearms
   994 | D:2      | Reached skill level 1 in Staves
   994 | D:2      | Reached skill level 1 in Slings
   994 | D:2      | Reached skill level 1 in Bows
   994 | D:2      | Reached skill level 1 in Crossbows
   994 | D:2      | Reached skill level 1 in Throwing
   994 | D:2      | Reached skill level 1 in Armour
   994 | D:2      | Reached skill level 1 in Spellcasting
   994 | D:2      | Reached skill level 1 in Evocations
   994 | D:2      | Reached XP level 4. HP: 21/38 MP: 5/5
  1249 | D:2      | Found a shimmering altar of Xom.
  1546 | D:2      | Found a sparkling altar of Nemelex Xobeh.
  1785 | D:3      | Found a stormy altar of Qazlal.
  1812 | D:3      | Reached skill level 1 in Conjurations
  1812 | D:3      | Reached skill level 1 in Hexes
  1812 | D:3      | Reached skill level 1 in Charms
  1812 | D:3      | Reached skill level 1 in Summonings
  1812 | D:3      | Reached skill level 1 in Necromancy
  1812 | D:3      | Reached skill level 1 in Translocations
  1812 | D:3      | Reached skill level 1 in Transmutations
  1812 | D:3      | Reached skill level 1 in Fire Magic
  1812 | D:3      | Reached skill level 1 in Ice Magic
  1812 | D:3      | Reached skill level 1 in Air Magic
  1812 | D:3      | Reached skill level 1 in Earth Magic
  1812 | D:3      | Reached skill level 1 in Poison Magic
  1845 | D:3      | Reached XP level 5. HP: 34/43 MP: 5/7
  1956 | D:3      | Found a glowing drain.
  1985 | D:3      | Reached skill level 3 in Dodging
  1985 | D:3      | Reached skill level 3 in Unarmed Combat
  2008 | Sewer    | Entered a sewer
  2054 | Sewer    | HP: 8/43 [bullfrog (4)]
  2059 | Sewer    | HP: 4/43 [adder (2)]
  2062 | Sewer    | HP: 1/64 [poisoned by an adder]
  2064 | Sewer    | Succumbed to an adder's poison

Skill      XL: |  1  2  3  4  5 |
---------------+----------------+-----
Invocations    | 1 |  1.7
Short Blades   | 1 |  1.5
Long Blades    | 1 |  1.5
Axes           | 1 |  1.5
Maces & Flails | 1 |  1.5
Polearms       | 1 |  1.5
Staves         | 1 |  1.5
Slings         | 1 |  1.5
Bows           | 1 |  1.5
Crossbows      | 1 |  1.5
Throwing       | 1 |  1.5
Armour         | 1 |  1.5
Spellcasting   | 1 |  1.5
Evocations     | 1 |  1.5
Conjurations   | 1 |  1.2
Hexes          | 1 |  1.2
Charms         | 1 |  1.2
Summonings     | 1 |  1.2
Necromancy     | 1 |  1.2
Translocations | 1 |  1.2
Transmutations | 1 |  1.2
Fire Magic     | 1 |  1.2
Ice Magic      | 1 |  1.2
Air Magic      | 1 |  1.2
Earth Magic    | 1 |  1.2
Poison Magic   | 1 |  1.2
Dodging        | 3 |  3.0
Unarmed Combat | 3 |  3.0
Fighting       | |  4.8
Stealth        | |  7.9
Shields        | |  4.8

Action                   |  1- 3 |  4- 6 || total
-------------------------+-------+-------++-------
Melee: Dagger            |    88 |    24 ||   112
       Bite              |     9 |    10 ||    19
       Spear             |       |   118 ||   118
  Use: Potion            |       |     8 ||     8
 Stab: Sleeping          |    12 |     4 ||    16
  Eat: Chunk             |       |     4 ||     4
Armor: Leather armour    |    19 |    40 ||    59
       Ring mail         |       |    21 ||    21
Dodge: Dodged            |    33 |    63 ||    96
Block: Shield            |    22 |    72 ||    94

Vault maps used:
D:1:      dpeg_arrival_tiny_a, minmay_vboxes
D:2:      nemelex_altar_shiori, old_standard_altar, interstate_on_off
D:3:      overflow_temple_1_default, first_ration, portal_sewer_entry_a,
          uniq_ijyb
Sewer:    sewer_minmay_w

Table legend:
 A = Turns spent in this place as a percentage of turns spent in the entire game.
 B = Non-inter-level travel turns spent in this place as a percentage of non-inter-level travel turns spent in the entire game.
 C = Inter-level travel turns spent in this place as a percentage of turns spent in this place.
 D = Turns resting spent in this place as a percentage of non-inter-level travel turns spent in this place.
 E = Turns spent auto-exploring this place as a percentage of non-inter-level travel turns spent in this place.
 F = Non-inter-level travel turns spent in this place divided by the number of levels of this place that you've seen.
                   A       B       C       D       E      F
               +-------+-------+-------+-------+-------+----------------------
         Total | 100.0 | 100.0 |   5.3 |   1.4 |  70.1 | 488.8
       Dungeon |  97.3 |  97.1 |   5.4 |   1.4 |  71.6 | 633.0
         Sewer |   2.7 |   2.9 |   0.0 |   0.0 |  19.6 |  56.0
               +-------+-------+-------+-------+-------+----------------------

Table legend:
 A = Kills in this place as a percentage of kills in entire the game.
 B = Kills by you in this place as a percentage of kills by you in the entire game.
 C = Kills by friends in this place as a percentage of kills by friends in the entire game.
 D = Other kills in this place as a percentage of other kills in the entire game.
 E = Experience gained in this place as a percentage of experience gained in the entire game.
 F = Experience gained in this place divided by the number of levels of this place that you have seen.
                   A       B       C       D       E      F
               +-------+-------+-------+-------+-------+----------------------
         Total | 100.0 | 100.0 |   N/A |   N/A | 100.0 |  62.2
       Dungeon |  92.5 |  92.5 |   N/A |   N/A |  92.8 |  77.0
         Sewer |   7.5 |   7.5 |   N/A |   N/A |   7.2 |  18.0
               +-------+-------+-------+-------+-------+----------------------
